 Dungeon Crawl Stone Soup version 0.32-a0-361-g289a535e89 (webtiles) character file.

Game seed: 5517027660791509018

23 ytrimaz the Ruffian (level 3, 23/23 HPs)
             Began as an Octopode Shapeshifter on Feb 19, 2024.
             Quit the game on level 1 of the Dungeon.
             The game lasted 00:00:19 (152 turns).

ytrimaz the Ruffian (Octopode Shapeshifter)          Turns: 152, Time: 00:00:19

Health: 23/23      AC:  1    Str: 13    XL:     3   Next: 0%
Magic:  3/3        EV: 13    Int: 14    God:
Gold:   36         SH:  0    Dex: 11    Spells: 2/2 levels left

rFire   . .          .
                       - Unarmed
rCold   . . .        (no shield)
rNeg    . . .        (helmet currently unavailable)
rPois   .            (no amulet)
rElec   .            (no ring)
rCorr   .            (no ring)
SInv    .            (no ring)
Will    .....        (no ring)
Stlth   +++          (no ring)
HPRegen 0.23/turn    (no ring)
MPRegen 0.08/turn    (no ring)
                     (no ring)

%: no passive effects
@: beast-form
A: beast (slay +1), almost no armour, amphibious, 8 rings, camouflage 1,
gelatinous body 1, (nimble swimmer 1), tentacles
a: Begin Untransformation


You were on level 1 of the Dungeon.
You were a hulking beast.
You visited 1 branch of the dungeon, and saw 1 of its levels.

You collected 36 gold pieces.


Innate Abilities, Weirdness & Mutations

You are a hulking beast.
Your limbs bulge with bestial killing power. (Slay +1)
You cannot wear most types of armour.
You are amphibious.
You can wear up to eight rings at the same time.
Your skin changes colour to match your surroundings (Stealth+).
Your rubbery body absorbs attacks. (AC +1, EV +1)
((You are camouflaged when in or above water. (Stealth+)))
You have tentacles for arms and can constrict up to eight enemies at once.


   Skills:
 - Level 1.0 Fighting
 - Level 2.0 Dodging
 + Level 2.0 Stealth
 + Level 3.4 Unarmed Combat
 + Level 3.2 Shapeshifting


You had 2 spell levels left.
You didn't know any spells.
Your spell library was empty.

Inventory:

Talismans
 b - a beast talisman (active)
 c - a flux talisman
Scrolls
 d - 2 scrolls of identify {unknown}
Potions
 a - a potion of lignification

Dungeon Overview and Level Annotations

Branches:
Dungeon (1/15) Zot: 5848

Altars:

####### #.....#
#.....# ####.....#
##........#
######..#......#
#Jr†h..##.######
.....######..# .#.
...####.############
....................
...####.#########.).
#.######)...#.
.....>...)....
....###........
#.#.## #........


You could see an endoplasm and a rat.


Message History

A bat is nearby!
Unknown command.
Unknown command.
The helpless bat fails to defend itself.
You tentacle-slap the bat. You grab the bat. You squeeze the bat.
You kill the bat!
No target in view!
Unknown command.
A goblin comes into view. It is wielding a +0 club.
The goblin shouts!
The goblin moves out of view.
A goblin is nearby!
You tentacle-slap the goblin. Your grab misses the goblin.
Your squeeze misses the goblin. The goblin closely misses you.
You tentacle-slap the goblin.
You kill the goblin!
Your Stealth skill increases to level 1!
No target in view!
Unknown command.
You now have 31 gold pieces (gained 12).
Things that are here:
a +0 club; a goblin corpse
Found a stone staircase leading down.
d - 2 scrolls labelled FOOTEPLECE A gnoll comes into view.
It is wielding a +0 club.
The gnoll shouts!
The gnoll closely misses you.
You tentacle-slap the gnoll. Your grab misses the gnoll.
The gnoll hits you with a +0 club. 😮 HP[-4]
You take 4 damage, and now have 9/13 hp.
MASSIVE DAMAGE!! (PAUSE)
You barely miss the gnoll. You grab the gnoll. You constrict the gnoll.
The gnoll hits you with a +0 club. 😮 HP[-2]
You take 2 damage, and now have 7/13 hp.
You tentacle-slap the gnoll. You squeeze the gnoll.
You constrict the gnoll, but do no damage.
The gnoll closely misses you.
You are too injured to fight recklessly!
Unknown command.
You tentacle-slap the gnoll.
You constrict the gnoll, but do no damage.
The gnoll hits you with a +0 club.
You tentacle-slap the gnoll but do no damage.
You constrict the gnoll.
You kill the gnoll!
A goblin comes into view. It is wielding a +0 dagger.
You have reached level 2! 😮 HP[+3] MP[+1]
You now have 18 max hp (+5).
You regained 3 hp, and now have 10/18 hp.
Your mp is fully restored (2).
A goblin is nearby!
A goblin is nearby!
You are too injured to fight recklessly!
Unknown command.
Unknown command.
The goblin shouts!
The goblin misses you.
You are too injured to fight recklessly!
You tentacle-slap the goblin.
You kill the goblin!
You are too injured to fight recklessly!
You see here a +0 dagger. 😮 HP[+1]
A ball python comes into view. 😎 HP[+7]
Your hp is fully restored (18).
A ball python is nearby!
A ball python is nearby!
A ball python is nearby!
The helpless ball python fails to defend itself.
You tentacle-slap the ball python.
You kill the ball python!
You now have 36 gold pieces (gained 5).
A giant cockroach and a rat come into view.
There are monsters nearby!
The rat squeaks loudly.
There are monsters nearby!
Unknown command.
There are monsters nearby!
The rat misses you.
There are monsters nearby!
You closely miss the rat. You grab the rat. You constrict the rat.
You kill the rat!
A rat comes into view.
An endoplasm comes into view.
Unknown command.
The endoplasm quivers.
You bludgeon the giant cockroach!
You kill the giant cockroach!
Your Stealth skill increases to level 2!
You have reached level 3!
Your experience leads to an increase in your attributes!
Increase (S)trength, (I)ntelligence, or (D)exterity?
You feel clever. x2 😎 HP[+5] MP[+1]
You now have 23 max hp (+5).
Your hp is fully restored (23).
Your mp is fully restored (3).
Are you sure you want to abandon this character and quit the game? (Confirm with "yes".)

Skill      XL: |  1  2 |
---------------+-------+-----
Stealth        | 1 2 |  2.0
Fighting       | |  1.0
Dodging        | |  2.0
Unarmed Combat | |  3.4
Shapeshifting  | |  3.2

Action                     || total
---------------------------++-------
  Melee: Unarmed           ||    13
         Constrict         ||     3
         Tentacles         ||     2
   Stab: Sleeping          ||     2
 Armour: Skin              ||     3
  Dodge: Dodged            ||     5

Levels and vault maps discovered:
D:1:      minmay_arrival_jagged, layout_rooms

Notes
Turn   | Place    | Note
-------+----------+-------------------------------------------
     0 | D:1      | ytrimaz the Octopode Shapeshifter began the quest for the
                  | Orb.
     0 | D:1      | Reached XP level 1. HP: 13/13 MP: 1/1
     0 | D:1      | magus.rc [v1.9.6]
    46 | D:1      | Reached skill level 1 in Stealth
    79 | D:1      | Reached XP level 2. HP: 10/18 MP: 2/2
   152 | D:1      | Reached skill level 2 in Stealth
   152 | D:1      | Reached XP level 3. HP: 23/23 MP: 3/3
   152 | D:1      | Quit the game

Vanquished Creatures
  A gnoll (D:1)
  A bat (D:1)
  An endoplasm (D:1)
  A giant cockroach (D:1)
  2 goblins (D:1)
  A ball python (D:1)
  A rat (D:1)
8 creatures vanquished.

Table legend:
 A = Non-vault XP
 B = Vault XP
 C = Vault XP percentage of total XP
 D = Non-vault monster count
 E = Vault monster count
 F = Vault count percentage of total count
                 A         B        C        D         E       F
            +---------+---------+-------+---------+---------+-------
      Total |      34 |       0 |   0.0 |       8 |       0 |   0.0
            +---------+---------+-------+---------+---------+-------
        D:1 |      34 |       0 |   0.0 |       8 |       0 |   0.0
            +---------+---------+-------+---------+---------+-------

Skill      XL: |  1  2 |
---------------+-------+-----
Stealth        | 1 2 |  2.0
Fighting       | |  1.0
Dodging        | |  2.0
Unarmed Combat | |  3.4
Shapeshifting  | |  3.2

Action                     || total
---------------------------++-------
  Melee: Unarmed           ||    13
         Constrict         ||     3
         Tentacles         ||     2
   Stab: Sleeping          ||     2
 Armour: Skin              ||     3
  Dodge: Dodged            ||     5

Illustrated notes

Table legend:
 A = Kills in this place as a percentage of kills in the entire game.
 B = Kills by you in this place as a percentage of kills by you in the entire game.
 C = Kills by friends in this place as a percentage of kills by friends in the entire game.
 D = Other kills in this place as a percentage of other kills in the entire game.
 E = Experience gained in this place as a percentage of experience gained in the entire game.
 F = Experience gained in this place divided by the number of levels of this place that you have seen.
                   A       B       C       D       E      F
               +-------+-------+-------+-------+-------+----------------------
         Total | 100.0 | 100.0 |   N/A |   N/A | 100.0 |  34.0
       Dungeon | 100.0 | 100.0 |   N/A |   N/A | 100.0 |  34.0
               +-------+-------+-------+-------+-------+----------------------

Table legend: (Time is in decaauts)
 A = Elapsed time spent in this place.
 B = Non-inter-level travel time spent in this place.
 C = Inter-level travel time spent in this place.
 D = Time resting spent in this place.
 E = Time spent auto-exploring this place.
 F = Levels seen in this place.
 G = Mean time per level.
                   A        B        C        D        E       F      G
               +--------+--------+--------+--------+--------+-----+--------+
         Total |    151 |    151 |      0 |      0 |    101 |   1 |  151.0 |
       Dungeon |    151 |    151 |      0 |      0 |    101 |   1 |  151.0 |
               +--------+--------+--------+--------+--------+-----+--------+

Top non-repeatable levels by time:
     D:1: 151 daAuts
